 Dungeon Crawl Stone Soup version 0.30.0-2-g1aa4bd4387 (webtiles) character file.

Game seed: 2559715998457807473

224 Byczy the Covered (level 5, 0/47 HPs)
             Began as a Minotaur Fighter on May 7, 2023.
             Was a Follower of Wu Jian.
             Succumbed to Crazy Yiuf's poison
             ... on level 3 of the Dungeon.
             The game lasted 00:11:58 (2190 turns).

Byczy the Covered (Minotaur Fighter)                Turns: 2190, Time: 00:11:59

Health: 0/47       AC: 16    Str: 21 (22) XL:     5   Next: 67%
Magic:  4/4        EV:  8    Int:  2 (5)  God:    Wu Jian [*.....]
Gold:   138        SH:  4    Dex:  8 (10) Spells: 4/4 levels left

rFire   . . .        v - +0 flail (protect)
rCold   . . .        c - +0 buckler
rNeg    . . .        e - +0 chain mail
rPois   .            (helmet restricted)
rElec   .            (no cloak)
rCorr   .            (no gloves)
SInv    .            (no boots)
Will    .....        (no amulet) Stlth
                     (no ring)
HPRegen 0.27/turn    (no ring)
MPRegen 0.09/turn

%: no passive effects
@: lethally poisoned (0 -> -7), under a protective aura
A: horns 2, retaliatory headbutt
a: Renounce Religion


You were on level 3 of the Dungeon.
You worshipped Wu Jian.
Wu Jian was aware of your devotion.
You visited 1 branch of the dungeon, and saw 3 of its levels.

You collected 138 gold pieces.

Inventory:

Hand Weapons
 a - a +0 war axe
 r - a +1 sling of electrocution
 t - a +2 whip of flaming
 v - a +0 flail of protection (weapon)
 y - a +0 club
 C - a +4 quarterstaff of chaos
Armour
 b - a +0 scale mail
 c - a +0 buckler (worn)
 e - a +0 chain mail (worn)
 l - a +3 leather armour
 w - a +3 leather armour
 D - a +1 cloak of preservation
Scrolls
 f - a scroll of magic mapping {unknown}
 g - a scroll of poison {unknown}
 h - a scroll of noise {unknown}
 i - 2 scrolls of immolation {unknown}
 j - 2 scrolls of teleportation {unknown}
 o - 2 scrolls of identify {unknown}
 q - 3 scrolls of fear {unknown}
 z - a scroll of amnesia {unknown}
 B - a scroll of torment {unknown}
Potions
 d - a potion of might
 k - a potion of ambrosia {unknown}
 m - a potion of heal wounds {unknown}
 n - a potion of berserk rage {unknown}
 p - a potion of haste {unknown}
 s - a potion of curing {unknown}
 u - a potion of brilliance {unknown}
 x - a potion of degeneration
 A - a potion of attraction {unknown}


   Skills:
 + Level 4.5 Fighting
 + Level 4.0(4.4) Axes
 + Level 2.8(3.9) Maces & Flails
 + Level 5.1 Armour
 + Level 0.4 Dodging
 + Level 0.1 Stealth
 + Level 4.1 Shields


You had 4 spell levels left.
You didn't know any spells.
Your spell library contained the following spells:

 Spells                   Type           Power      Damage    Failure   Level
 Freeze                   Ice            0%         1d3       99%         1
 Blink                    Tloc           0%         N/A       100%        2
 Ensorcelled Hibernation  Hex/Ice        0%         N/A       100%        2
 Lesser Beckoning         Tloc           0%         N/A       100%        2
 Momentum Strike          Conj/Tloc      0%         3d8       100%        2
 Passwall                 Tmut/Erth      0%         N/A       100%        2
 Frozen Ramparts          Ice            0%         1d1       100%        3
 Hailstorm                Conj/Ice       0%         3d3       100%        3
 Swiftness                Air            0%         N/A       100%        3


Dungeon Overview and Level Annotations

Branches:
Dungeon (3/15)

Altars:
Qazlal
Wu Jian
Zin


Innate Abilities, Weirdness & Mutations

You have a pair of horns on your head.
You reflexively headbutt those who attack you in melee.


Message History

You feel drained.
You hit Crazy Yiuf.
Your weapon exudes an aura of protection.
Your headbutt misses Crazy Yiuf.
Crazy Yiuf is moderately wounded.
Crazy Yiuf hits you with a +4 quarterstaff of chaos!
You are poisoned.
You block Crazy Yiuf's attack.
You sock Crazy Yiuf!
Crazy Yiuf is heavily wounded.
You feel very sick. You block Crazy Yiuf's attack.
You closely miss Crazy Yiuf.
Crazy Yiuf is heavily wounded.
You feel sick.
Crazy Yiuf hits you with a +4 quarterstaff of chaos.
* * * LOW HITPOINT WARNING * * *
You are lethally poisoned!
You hit Crazy Yiuf. Your headbutt misses Crazy Yiuf.
Crazy Yiuf is severely wounded.
* * * LOW HITPOINT WARNING * * *
You feel very sick. Crazy Yiuf completely misses you. You furiously retaliate!
You headbutt Crazy Yiuf!
You kill Crazy Yiuf!
The Council accepts your kill.
Your life force feels restored.
* * * LOW HITPOINT WARNING * * *
You feel very sick.
There is an open translucent door here.
Things that are here:
a +4 quarterstaff of chaos; a +1 cloak of preservation; the gnoll corpse of Crazy Yiuf
Okay, then.
C - a +4 quarterstaff of chaos;
D - a +1 cloak of preservation
* * * LOW HITPOINT WARNING * * *
You feel sick.
It was a potion of degeneration.
There was something very wrong with that liquid.
You feel weakened.
You feel dopey.
You feel clumsy.
You die...

.##......#
#.#
.##.######
#.# .##.#
### .##.#
###.# #####
#.# #..)#
#.# #...#
#.# #...#
#.# #@# #.#
♣♣.♣
###.########
♣.♣♣
...........#
♣♣.♣
.#.######.##
♣.♣♣ .#.#
#.# ♣♣.♣♣
.#.# #.#
♣.♣P♣♣ .#.#
#.# ♣.PPP♣
.#.# #.##
#....#


There were no monsters in sight!

Vanquished Creatures
  Crazy Yiuf (D:3)
  Natasha (thrice) (D:3)
  Robin (D:3)
  2 worms (D:2)
  3 dart slugs
  8 orcs (D:3)
  4 bats
  5 endoplasms
  5 giant cockroaches
  14 goblins
  5 hobgoblins
  9 jackals
  A quokka (D:3)
  11 ball pythons
  5 frilled lizards
  4 kobolds
  7 rats
88 creatures vanquished.

Vanquished Creatures (others)
  A fungus (D:3)
1 creature vanquished.

Grand Total: 89 creatures vanquished

Notes
Turn   | Place    | Note
-------+----------+-------------------------------------------
     0 | D:1      | Byczy the Minotaur Fighter began the quest for the Orb.
     0 | D:1      | Reached XP level 1. HP: 19/19 MP: 0/0
    89 | D:1      | Reached XP level 2. HP: 27/27 MP: 1/1
   175 | D:1      | Reached skill level 4 in Armour
   503 | D:2      | Reached XP level 3. HP: 33/33 MP: 2/2
  1319 | D:3      | Found a stormy altar of Qazlal.
  1330 | D:3      | Reached XP level 4. HP: 39/40 MP: 3/3
  1345 | D:3      | Found an ornate altar of the Wu Jian Council.
  1358 | D:3      | Became a worshipper of the Wu Jian Council
  1596 | D:3      | Noticed Robin
  1618 | D:3      | Killed Robin
  1672 | D:3      | Noticed Natasha
  1685 | D:3      | Killed Natasha
  1686 | D:3      | Reached skill level 1 in Maces & Flails
  1716 | D:3      | Reached XP level 5. HP: 47/47 MP: 4/4
  1730 | D:3      | Found a glowing silver altar of Zin.
  1735 | D:3      | Reached * piety under Wu Jian
  1794 | D:3      | Noticed Natasha
  1809 | D:3      | Killed Natasha
  1810 | D:3      | Reached skill level 5 in Armour
  2049 | D:3      | Noticed Natasha
  2059 | D:3      | Killed Natasha
  2174 | D:3      | Found a runed translucent door.
  2175 | D:3      | Noticed Crazy Yiuf
  2187 | D:3      | Killed Crazy Yiuf
  2189 | D:3      | HP: 2/47 [poisoned by Crazy Yiuf]
  2190 | D:3      | Succumbed to Crazy Yiuf's poison

Illustrated notes

Levels and vault maps discovered:
D:1:      spicycebolla_arrival_xxxplode, layout_basic
D:2:      layout_loops_ring, st_stairs_11, kennysheep_decorative_pillar,
          hangedman_decor_clover_reticule, wander_ebering_terrifying_dragon_lair
D:3:      layout_loops_ring, mainiacjoe_overflow_small_starburst,
          nicolae_wu_jian_wuxing_cycle, mainiacjoe_overflow_chevrons,
          uniq_robin, uniq_natasha, uniq_crazy_yiuf_cottage

Skill      XL: |  1  2  3  4  5 |
---------------+----------------+-----
Armour         | 4 5 |  5.1
Fighting       | 4 |  4.5
Axes           | 3 4 |  4.0
Maces & Flails | 1 2 |  2.8
Shields        | 4 |  4.1
Dodging        | |  0.4
Stealth        | |  0.1

Action                     |  1- 3 |  4- 6 || total
---------------------------+-------+-------++-------
  Melee: War axe           |    87 |       ||    87
         Headbutt          |    11 |    15 ||    26
         Whip              |     7 |     7 ||    14
         Flail             |       |   105 ||   105
Ability: Lunge             |       |     8 ||     8
         Whirlwind         |       |     1 ||     1
    Use: Potion            |       |     1 ||     1
 Armour: Chain mail        |    52 |    64 ||   116
         Scale mail        |     4 |       ||     4
  Dodge: Dodged            |    42 |    35 ||    77
  Block: Buckler           |    19 |    16 ||    35
